 Dungeon Crawl Stone Soup version 0.20.1-4-g4af34eaf8e (webtiles) character file.

287 Alfie the Shooter (level 6, -1/51 HPs)
             Began as a Minotaur Hunter on Mar 4, 2020.
             Slain by Alfie's ghost (7 damage)
             ... on level 3 of the Dungeon.
             The game lasted 00:06:45 (1668 turns).

Alfie the Shooter (Minotaur Hunter)                 Turns: 1668, Time: 00:06:46

Health: -1/51      AC:  4    Str: 18    XL:     6   Next: 8%
Magic:  5/5        EV: 12    Int:  8    God:
Gold:   129        SH:  0    Dex: 11    Spells: 5/5 levels left

rFire    . . .     SeeInvis .   b - +0 short sword
rCold    . . .     Gourm    .   (no shield)
rNeg     . . .     Faith    .   c - +0 leather armour
rPois    .         Spirit   .   (helmet restricted)
rElec    .         Reflect  .   h - +0 cloak
rCorr    .         Harm     +   (no gloves)
MR       +....                  (no boots)
Stlth    +.........             p - amulet of harm
Regen    0.2/turn               e - ring of protection from magic
MPRegen  0.1/turn               (no ring)

@: no status effects
A: retaliatory headbutt, horns 2
a: no special abilities


You were on level 3 of the Dungeon.
You were not hungry.

You visited 1 branch of the dungeon, and saw 3 of its levels.

You collected 129 gold pieces.

Inventory:

Hand Weapons
 a - a +1 shortbow
 b - a +0 short sword (weapon)
Missiles
 d - 18 arrows
 m - 5 tomahawks (quivered)
Armour
 c - a +0 leather armour (worn)
 h - a +0 cloak (worn)
Jewellery
 e - a ring of protection from magic (left hand)
 p - an amulet of harm (around neck)
Wands
 i - a wand of acid (5/15)
Scrolls
 o - 3 scrolls of teleportation
Potions
 k - a potion of haste
 l - a potion of berserk rage {unknown}
 n - a potion of ambrosia {unknown}
Comestibles
 f - a bread ration


   Skills:
 + Level 3.6 Fighting
 + Level 0.7 Short Blades
 + Level 7.1 Bows
 + Level 1.3 Armour
 + Level 2.8 Dodging
 + Level 1.0 Stealth


You had 5 spell levels left.
You didn't know any spells.

Dungeon Overview and Level Annotations

Branches:
Dungeon (3/15)

Altars:
Trog
Xom

Annotations:
D:3 Alfie's ghost, amateur MiHu


Innate Abilities, Weirdness & Mutations

You reflexively headbutt those who attack you in melee.
You have a pair of horns on your head.


Message History

You hit Alfie's ghost but do no damage.
Alfie's ghost is almost destroyed.
Alfie's ghost hits you.
* * * LOW HITPOINT WARNING * * *
You hit Alfie's ghost.
You headbutt Alfie's ghost, but do no damage.
Alfie's ghost is almost destroyed.
Alfie's ghost closely misses you.
You completely miss Alfie's ghost.
Alfie's ghost is almost destroyed.
Alfie's ghost hits you.
* * * LOW HITPOINT WARNING * * *
You hit Alfie's ghost but do no damage. Your headbutt misses Alfie's ghost.
Alfie's ghost is almost destroyed.
Alfie's ghost hits you.
* * * LOW HITPOINT WARNING * * *
You closely miss Alfie's ghost.
Alfie's ghost is almost destroyed.
Alfie's ghost hits you.
You die...

# ## # ##.. ... # . #
#... ..# # .. #. #..#
..# # ##.#.# #..###..#
#### #.....# #..##...#
##.## .......##
#...#.#.# #...####
.......(###..†....# #
.......+
.......@W.......####.#
....####
........####.........#
.#.## .......##
##.#.###### ####
#.....# ##.......# #
##...# #..####.# #
##+# ##...###.# # #.#
#...#.##.# #### #.#
#.....##.# ...# ##.##
#..#..##.#


You could see Alfie's ghost.

Vanquished Creatures
  Sigmund (D:2)
  Robin (D:2)
  5 adders
  A worm (D:2)
  4 dart slugs
  An orc (D:3)
  3 giant cockroaches
  9 hobgoblins
  12 jackals
  5 kobolds
  A quokka (D:2)
  A ball python (D:3)
  7 bats
  2 frilled lizards
  6 goblins
  4 rats
63 creatures vanquished.

Notes
Turn   | Place    | Note
-------+----------+-------------------------------------------
     0 | D:1      | Alfie the Minotaur Hunter began the quest for the Orb.
     0 | D:1      | Reached XP level 1. HP: 18/18 MP: 0/0
    42 | D:1      | Reached XP level 2. HP: 25/25 MP: 1/1
   185 | D:1      | Reached skill level 5 in Bows
   425 | D:1      | Reached XP level 3. HP: 30/30 MP: 2/2
   892 | D:2      | Noticed Sigmund
   906 | D:2      | Killed Sigmund
   906 | D:2      | Reached skill level 6 in Bows
   906 | D:2      | Reached skill level 1 in Stealth
   906 | D:2      | Reached XP level 4. HP: 16/38 MP: 3/3
   906 | D:2      | Reached XP level 5. HP: 18/45 MP: 4/4
   947 | D:2      | Found a bloodstained altar of Trog.
   948 | D:2      | Found a shimmering altar of Xom.
  1046 | D:2      | Reached skill level 1 in Armour
  1119 | D:2      | Noticed Robin
  1160 | D:2      | Reached skill level 7 in Bows
  1170 | D:2      | Killed Robin
  1278 | D:2      | Reached XP level 6. HP: 37/51 MP: 5/5
  1345 | D:2      | Noticed a hippogriff
  1624 | D:3      | Noticed Alfie's ghost (amateur MiHu)
  1668 | D:3      | Slain by Alfie's ghost

Skill      XL: |  1  2  3  4  5 |
---------------+----------------+-----
Bows           | 5 6 7 |  7.1
Fighting       | 3 |  3.6
Stealth        | 1 |  1.0
Armour         | 1 |  1.3
Short Blades   | |  0.7
Dodging        | |  2.8

Action                   |  1- 3 |  4- 6 || total
-------------------------+-------+-------++-------
Melee: Short sword       |     7 |    21 ||    28
       Headbutt          |     2 |     4 ||     6
 Fire: Shortbow          |    74 |    52 ||   126
  Use: Scroll            |     4 |     3 ||     7
       Potion            |       |     1 ||     1
  Eat: Bread ration      |       |     1 ||     1
Armor: Leather armour    |     2 |     7 ||     9
Dodge: Dodged            |    32 |    34 ||    66
